Description

To help myself get back into building build orders after a long hiatus, I have made this short, simple, and defensive 2 upgrade timing attack with plenty of room to macro after this early agression.

Build Order

Get SALT Encoding   

  14  0:12  Supply Depot  
  16  0:39  Barracks  
  16  0:43  Refinery  
  18  0:55  SCV  
  20  1:27  Orbital Command  Scout
  20  1:42  Command Center  Main
  20  1:48  Barracks Reactor  Natural
  20  1:50  Supply Depot  
  22  2:10  Factory  
  23  2:20  Bunker  
  25  2:24  Marine  
  26  2:30  Refinery  
  30  2:58  Starport  
  30  3:00  Factory Tech Lab  
  35  3:23  Widow Mine  
  37  3:28  Supply Depot  
  41  3:37  Viking  
  46  3:46  Siege Tank  Or other air unit
  48  4:00  Barracks x2  Next to starport and factory for lift and drop
  50  4:11  Starport Tech Lab  
  54  4:22  Factory Tech Lab  Lift and make another
  54  4:28  Engineering Bay  Lift and make another
  54  4:30  Starport Reactor  
  54  4:37  Refinery  
  63  4:46  Siege Tank  Natural
  64  4:57  Terran Infantry Weapons Level 1  
  65  4:58  Stimpack  
  65  5:02  Refinery  
  65  5:14  Combat Shield  Natural
  70  5:30  Command Center  Third
Spawning Tool Build Advisor. Get it on Overwolf

Go to:

Details

  • Created by: Tr987654321
  • Published on: Apr 12, 2021
  • Modified on: May 02, 2021
  • Patch: 4.11.0
  • Difficulty: Easy
Show
View Real Time Build Order
Export as new Build Order

Comments (0)

There are no comments. Be the first!

Create an account to comment!